 Dungeon Crawl Stone Soup version 0.29-a0-371-g91724d5b39 (webtiles) character file.

Game seed: 5317393334527702565

23 spaghetti the Sneak (level 3, 14/19 HPs)
             Began as a Vine Stalker Berserker on May 2, 2022.
             Was a Follower of Trog.
             Quit the game on level 1 of the Dungeon.
             The game lasted 00:00:53 (788 turns).

spaghetti the Sneak (Vine Stalker Berserker)         Turns: 788, Time: 00:00:55

Health: 14/19      AC:  2    Str: 19    XL:     3   Next: 0%
Magic:  2/4        EV: 12    Int:  7    God:    Trog [*.....]
Gold:   62         SH:  0    Dex: 15    Spells: 2/2 levels left

rFire   . . .      SeeInvis .   a - +0 short sword {short}
rCold   . . .      Faith    .   (no shield)
rNeg    . . .      Spirit   +   b - +0 animal skin
rPois   .          Reflect  .   (no helmet)
rElec   .          Harm     .   (no cloak)
rCorr   .          Rampage  .   (no gloves)
Will    .....                   (no boots)
Stlth   ++........              (no amulet)
HPRegen 0.06/turn               (no ring)
MPRegen 0.09/turn               (no ring)

@: no status effects
A: fangs 2, magic shield, antimagic bite, no potion heal 2
a: Renounce Religion, Berserk


You were on level 1 of the Dungeon.
You worshipped Trog.
Trog was aware of your devotion.
You visited 1 branch of the dungeon, and saw 1 of its levels.

You collected 62 gold pieces.


Innate Abilities, Weirdness & Mutations

You have extremely sharp teeth.
When hurt, damage is shared between your health and your magic reserves.
Your bite disrupts and absorbs the magic of your enemies.
Potions cannot restore your health.


   Skills:
 - Level 2.6 Fighting
 - Level 2.6 Short Blades
 - Level 1.5 Armour
 - Level 1.5 Dodging
 + Level 3.4 Stealth


You had 2 spell levels left.
You didn't know any spells.
Your spell library was empty.

Inventory:

Hand Weapons
 a - a +0 short sword (weapon) {short}
Missiles
 f - 3 boomerangs (quivered) {throwing}
 g - 24 stones {throwing}
Armour
 b - a +0 animal skin (worn)
Scrolls
 d - a scroll of magic mapping {unknown}
Potions
 c - a potion of lignification {unknown}
 e - a potion of curing {unknown}

Dungeon Overview and Level Annotations

Branches:
Dungeon (1/15)

Altars:

.................
.................
..............##.
+#+#..........##.
................
###.##.........###
#.#...............
#†#..#........†##'
#@#..#.......#..#.
#............#.##.
####............##
.).......##........
..####...##........
.......##........
..................
..............####
..............####


There were no monsters in sight!


Message History

You kill the giant cockroach!
Trog accepts your kill.
You see here a giant cockroach corpse. 😎 HP[+1]
Your hp is fully restored (16).
A rat comes into view.
A rat is nearby!
A rat is nearby!
A rat is nearby!
You hit the rat but do no damage. The rat completely misses you.
You hit the rat but do no damage. The rat barely misses you.
You hit the rat.
You kill the rat!
Trog accepts your kill.
You now have 51 gold pieces (gained 11).
You now have 62 gold pieces (gained 11).
A jackal comes into view.
A jackal is nearby!
A jackal is nearby!
A jackal comes into view.
A jackal comes into view.
The jackal barks! x2
A jackal comes into view.
A red film seems to cover your vision as you go berserk!
You feel yourself moving faster!
You feel mighty! The jackal closely misses you. 😎 HP[+8]
You now have 24 max hp (+8).
Your hp is fully restored (24).
You closely miss the jackal. You bite the jackal.
You kill the jackal!
Trog accepts your kill.
Your Stealth skill increases to level 3!
You puncture the jackal!
You kill the jackal!
Trog accepts your kill. The jackal bites you. 😕 HP[-1]
You take 1 damage, and now have 23/24 hp.
You puncture the jackal!
You kill the jackal!
Trog accepts your kill.
You hit the jackal.
You kill the jackal!
Trog accepts your kill.
Calm down first, please.
Unknown command.
Unknown command.
You start resting.
You feel a strong urge to attack something. 😎 HP[+1]
Your hp is fully restored (24).
You start waiting.
You are no longer berserk.
You are exhausted.
You feel yourself slow down. 😎 HP[-8]
You now have 16 max hp (-8).
Unknown command.
You see here a jackal corpse.
You open the door.
There is an open door here.
Key pressed, stopping explore.
You open the door.
There is an open door here.
You open the door.
There is an open door here.
e - an orange potion You feel yourself speed up.
f - 3 boomerangs {throwing}
g - 24 stones {throwing}
There is an open door here.
You see here a giant cockroach corpse.
Key pressed, stopping explore.
You recover from your berserk rage.
A dart slug comes into view.
A dart slug is nearby!
A dart slug is nearby!
You hit the dart slug. The dart slug closely misses you.
You hit the dart slug. The dart slug launches a dart at you.
The slug dart misses you.
You hit the dart slug. You hit the dart slug.
The dart slug launches a dart at you. The slug dart hits you. 😮 HP[-4] MP[-1]
You take 4 damage, and now have 12/16 hp.
MASSIVE DAMAGE!! (PAUSE)
You lost 1 mp, and now have 2/3 mp.
You hit the dart slug.
You kill the dart slug!
Trog accepts your kill.
You have reached level 3!
Your experience leads to an increase in your attributes!
Increase (S)trength, (I)ntelligence, or (D)exterity?
You feel agile. x2 😮 HP[+2]
You now have 19 max hp (+3).
You regained 2 hp, and now have 14/19 hp.
Are you sure you want to abandon this character and quit the game? (Confirm with "yes".)

Skill      XL: |  1  2 |
---------------+-------+-----
Stealth        | 2 3 |  3.4
Fighting       | |  2.6
Short Blades   | |  2.6
Armour         | |  1.5
Dodging        | |  1.5

Action                   || total
-------------------------++-------
Melee: Short sword       ||    40
       Bite              ||     7
Invok: Berserk           ||     2
 Stab: Sleeping          ||     2
Armor: Animal skin       ||     9
Dodge: Dodged            ||    14

Levels and vault maps discovered:
D:1:      minmay_arrival_up_and_down, layout_basic, supply_closet_lemuel,
          bh_walls_and_bars

Notes
Turn   | Place    | Note
-------+----------+-------------------------------------------
     0 | D:1      | spaghetti the Vine Stalker Berserker began the quest for
                  | the Orb.
     0 | D:1      | Reached XP level 1. HP: 11/11 MP: 2/2
     0 | D:1      | magus.rc [v1.9.6]
    57 | D:1      | Reached skill level 1 in Stealth
   131 | D:1      | Reached skill level 2 in Stealth
   133 | D:1      | Reached XP level 2. HP: 15/16 MP: 3/3
   727 | D:1      | Reached skill level 3 in Stealth
   788 | D:1      | Reached XP level 3. HP: 14/19 MP: 2/4
   788 | D:1      | Quit the game

Vanquished Creatures
  A dart slug (D:1)
  2 bats (D:1)
  A giant cockroach (D:1)
  3 hobgoblins (D:1)
  7 jackals (D:1)
  A ball python (D:1)
  3 rats (D:1)
18 creatures vanquished.

Table legend:
 A = Non-vault XP
 B = Vault XP
 C = Vault XP percentage of total XP
 D = Non-vault monster count
 E = Vault monster count
 F = Vault count percentage of total count
                 A         B        C        D         E       F
            +---------+---------+-------+---------+---------+-------
      Total |      34 |       0 |   0.0 |      18 |       0 |   0.0
            +---------+---------+-------+---------+---------+-------
        D:1 |      34 |       0 |   0.0 |      18 |       0 |   0.0
            +---------+---------+-------+---------+---------+-------

Illustrated notes

Table legend:
 A = Kills in this place as a percentage of kills in entire the game.
 B = Kills by you in this place as a percentage of kills by you in the entire game.
 C = Kills by friends in this place as a percentage of kills by friends in the entire game.
 D = Other kills in this place as a percentage of other kills in the entire game.
 E = Experience gained in this place as a percentage of experience gained in the entire game.
 F = Experience gained in this place divided by the number of levels of this place that you have seen.
                   A       B       C       D       E      F
               +-------+-------+-------+-------+-------+----------------------
         Total | 100.0 | 100.0 |   N/A |   N/A | 100.0 |  34.0
       Dungeon | 100.0 | 100.0 |   N/A |   N/A | 100.0 |  34.0
               +-------+-------+-------+-------+-------+----------------------

Table legend: (Time is in decaauts)
 A = Elapsed time spent in this place.
 B = Non-inter-level travel time spent in this place.
 C = Inter-level travel time spent in this place.
 D = Time resting spent in this place.
 E = Time spent auto-exploring this place.
 F = Levels seen in this place.
 G = Mean time per level.
                   A        B        C        D        E       F      G
               +--------+--------+--------+--------+--------+-----+--------+
         Total |    807 |    807 |      0 |    144 |    570 |   1 |  807.0 |
       Dungeon |    807 |    807 |      0 |    144 |    570 |   1 |  807.0 |
               +--------+--------+--------+--------+--------+-----+--------+

Top non-repeatable levels by time:
     D:1: 807 daAuts
